Workbook

Sheet Septembre 2024
A1: MainLabel | D1: Sales | E1: COGS (%) | F1: COGS (€) | G1: Labour (%) | H1: Labour (€) | I1: Other Costs (%) | J1: Other Costs (€) | K1: CM | L1: CM (%)
A2: Parent Site | B2: Clusters | C2: Managers | D2: Budget | E2: Budget | F2: Budget | G2: Budget | H2: Budget | I2: Budget | J2: Budget | K2: Budget | L2: Budget
A3: 1 | B3: Large | C3: 2 | D3: 33244 | E3: -0.2799 | F3: =D3*E3 -> -9304.9956 | G3: -0.1698 | H3: =D3*G3 -> -5644.8312 | I3: -0.0308 | J3: =D3*I3 -> -1023.9152 | K3: 11620 | L3: 0.3495
A4: 2 | B4: Mega | C4: 6 | D4: 46505 | E4: -0.2767 | F4: =D4*E4 -> -12867.933 | G4: -0.3067 | H4: =D4*G4 -> -14263.083 | I4: -0.0278 | J4: =D4*I4 -> -1292.839 | K4: 8781 | L4: 0.1888
A5: 3 | B5: Large | C5: 3 | D5: 33752 | E5: -0.2799 | F5: =D5*E5 -> -9447.1848 | G5: -0.2822 | H5: =D5*G5 -> -9524.8144 | I5: -0.0306 | J5: =D5*I5 -> -1032.8112 | K5: 6829 | L5: 0.2023
A6: 4 | B6: Small | C6: 5 | D6: 9721 | E6: -0.2898 | F6: =D6*E6 -> -2817.1458 | G6: -1.2559 | H6: =D6*G6 -> -12208.604 | I6: -0.0561 | J6: =D6*I6 -> -545.3481 | K6: -6822 | L6: -0.7017
A7: 5 | B7: Mega | C7: 2 | D7: 69835 | E7: -0.2767 | F7: =D7*E7 -> -19323.344 | G7: -0.2388 | H7: =D7*G7 -> -16676.598 | I7: -0.0253 | J7: =D7*I7 -> -1766.8255 | K7: 17057 | L7: 0.2442
A8: 6 | B8: Medium | C8: 4 | D8: 25360 | E8: -0.2799 | F8: =D8*E8 -> -7098.264 | G8: -0.2962 | H8: =D8*G8 -> -7511.632 | I8: -0.034 | J8: =D8*I8 -> -862.24 | K8: 6464 | L8: 0.2549
A9: 7 | B9: Jumbo | C9: 3 | D9: 82516 | E9: -0.2767 | F9: =D9*E9 -> -22832.177 | G9: -0.2755 | H9: =D9*G9 -> -22733.158 | I9: -0.0245 | J9: =D9*I9 -> -2021.642 | K9: 17185 | L9: 0.2083
A10: 8 | B10: Jumbo | C10: 7 | D10: 107412 | E10: -0.2767 | F10: =D10*E10 -> -29720.9 | G10: -0.2867 | H10: =D10*G10 -> -30795.02 | I10: -0.0235 | J10: =D10*I10 -> -2524.182 | K10: 21271 | L10: 0.198
A11: 9 | B11: Medium | C11: 1 | D11: 19986 | E11: -0.2799 | F11: =D11*E11 -> -5594.0814 | G11: -0.206 | H11: =D11*G11 -> -4117.116 | I11: -0.0377 | J11: =D11*I11 -> -753.4722 | K11: 6124 | L11: 0.3064
A12: 10 | B12: Jumbo | C12: 7 | D12: 122386 | E12: -0.2767 | F12: =D12*E12 -> -33864.206 | G12: -0.285 | H12: =D12*G12 -> -34880.01 | I12: -0.0231 | J12: =D12*I12 -> -2827.1166 | K12: 24497 | L12: 0.2002
A13: 11 | B13: Medium | C13: 1 | D13: 21222 | E13: -0.2799 | F13: =D13*E13 -> -5940.0378 | G13: -0.2428 | H13: =D13*G13 -> -5152.7016 | I13: -0.0367 | J13: =D13*I13 -> -778.8474 | K13: 5744 | L13: 0.2707
A14: 12 | B14: Mega | C14: 5 | D14: 63516 | E14: -0.2767 | F14: =D14*E14 -> -17574.877 | G14: -0.2552 | H14: =D14*G14 -> -16209.283 | I14: -0.0258 | J14: =D14*I14 -> -1638.7128 | K14: 14436 | L14: 0.2273
... A22: 20 | B22: Mega | C22: 4 | D22: 61817 | E22: -0.2767 | F22: =D22*E22 -> -17104.764 | G22: -0.2792 | H22: =D22*G22 -> -17259.306 | I22: -0.0259 | J22: =D22*I22 -> -1601.0603 | K22: 11942 | L22: 0.1932
A23: 21 | B23: Medium | C23: 6 | D23: 19900 | E23: -0.2968 | F23: =D23*E23 -> -5906.32 | G23: -0.4492 | H23: =D23*G23 -> -8939.08 | I23: -0.0378 | J23: =D23*I23 -> -752.22 | K23: =D23*L23 -> 222.88 | L23: 0.0112
A24: 22 | B24: Large | C24: 1 | D24: 47019 | E24: -0.2799 | F24: =D24*E24 -> -13160.618 | G24: -0.3056 | H24: =D24*G24 -> -14369.006 | I24: -0.0277 | J24: =D24*I24 -> -1302.4263 | K24: 8550 | L24: 0.1818
A25: 23 | B25: Medium | C25: 1 | D25: 20986 | E25: -0.2799 | F25: =D25*E25 -> -5873.9814 | G25: -0.1982 | H25: =D25*G25 -> -4159.4252 | I25: -0.0369 | J25: =D25*I25 -> -774.3834 | K25: 6611 | L25: 0.315
A26: 24 | B26: Small | C26: 2 | D26: 15411 | E26: -0.2898 | F26: =D26*E26 -> -4466.1078 | G26: -0.3874 | H26: =D26*G26 -> -5970.2214 | I26: -0.0429 | J26: =D26*I26 -> -661.1319 | K26: 1695 | L26: 0.11
A27: 25 | B27: Medium | C27: 3 | D27: 28751 | E27: -0.2799 | F27: =D27*E27 -> -8047.4049 | G27: -0.3047 | H27: =D27*G27 -> -8760.4297 | I27: -0.0324 | J27: =D27*I27 -> -931.5324 | K27: 6125 | L27: 0.213
A28: 26 | B28: Small | C28: 5 | D28: 8892 | E28: -0.2898 | F28: =D28*E28 -> -2576.9016 | G28: -0.3696 | H28: =D28*G28 -> -3286.4832 | I28: -0.0594 | J28: =D28*I28 -> -528.1848 | K28: =D28*L28 -> 721.1412 | L28: 0.0811
A29: 27 | B29: Jumbo | C29: 7 | D29: 89682 | E29: -0.2706 | F29: =D29*E29 -> -24267.949 | G29: -0.221 | H29: =D29*G29 -> -19819.722 | I29: -0.0242 | J29: =D29*I29 -> -2170.3044 | K29: 24146 | L29: 0.2692
A30: 28 | B30: Medium | C30: 7 | D30: 17663 | E30: -0.2799 | F30: =D30*E30 -> -4943.8737 | G30: -0.2653 | H30: =D30*G30 -> -4685.9939 | I30: -0.04 | J30: =D30*I30 -> -706.52 | K30: 5295 | L30: 0.2998
A31: 29 | B31: Medium | C31: 3 | D31: 22990 | E31: -0.2799 | F31: =D31*E31 -> -6434.901 | G31: -0.3107 | H31: =D31*G31 -> -7142.993 | I31: -0.0354 | J31: =D31*I31 -> -813.846 | K31: 3885 | L31: 0.169
A32: 30 | B32: Mega | C32: 1 | D32: 58211 | E32: -0.2767 | F32: =D32*E32 -> -16106.984 | G32: -0.22 | H32: =D32*G32 -> -12806.42 | I32: -0.0263 | J32: =D32*I32 -> -1530.9493 | K32: 15252 | L32: 0.262
A33: 31 | B33: Medium | C33: 4 | D33: 24844 | E33: -0.2799 | F33: =D33*E33 -> -6953.8356 | G33: -0.2984 | H33: =D33*G33 -> -7413.4496 | I33: -0.0343 | J33: =D33*I33 -> -852.1492 | K33: 5402 | L33: 0.2175
A34: 32 | B34: Medium | C34: 6 | D34: 22554 | E34: -0.2799 | F34: =D34*E34 -> -6312.8646 | G34: -0.5413 | H34: =D34*G34 -> -12208.48 | I34: -0.0357 | J34: =D34*I34 -> -805.1778 | K34: -1283 | L34: -0.0569
A35: 33 | B35: Mega | C35: 3 | D35: 78562 | E35: -0.2767 | F35: =D35*E35 -> -21738.105 | G35: -0.2473 | H35: =D35*G35 -> -19428.383 | I35: -0.0247 | J35: =D35*I35 -> -1940.4814 | K35: 18564 | L35: 0.2363
A36: 34 | B36: Mega | C36: 1 | D36: 64180 | E36: -0.2767 | F36: =D36*E36 -> -17758.606 | G36: -0.2036 | H36: =D36*G36 -> -13067.048 | I36: -0.0257 | J36: =D36*I36 -> -1649.426 | K36: 17906 | L36: 0.279
A37: 35 | B37: Jumbo | C37: 2 | D37: 93306 | E37: -0.2706 | F37: =D37*E37 -> -25248.604 | G37: -0.221 | H37: =D37*G37 -> -20620.626 | I37: -0.024 | J37: =D37*I37 -> -2239.344 | K37: 25135 | L37: 0.2694
A38: 36 | B38: Medium | C38: 6 | D38: 24179 | E38: -0.2968 | F38: =D38*E38 -> -7176.3272 | G38: -0.3668 | H38: =D38*G38 -> -8868.8572 | I38: -0.0347 | J38: =D38*I38 -> -839.0113 | K38: 1492 | L38: 0.0617
A39: 37 | B39: Mega | C39: 2 | D39: 62329 | E39: -0.2767 | F39: =D39*E39 -> -17246.434 | G39: -0.2675 | H39: =D39*G39 -> -16673.007 | I39: -0.0259 | J39: =D39*I39 -> -1614.3211 | K39: 18380 | L39: 0.2949
A40: 38 | B40: Small | C40: 2 | D40: 12439 | E40: -0.2898 | F40: =D40*E40 -> -3604.8222 | G40: -0.2068 | H40: =D40*G40 -> -2572.3852 | I40: -0.0483 | J40: =D40*I40 -> -600.8037 | K40: 3982 | L40: 0.3201
... A51: 49 | B51: Large | C51: 4 | D51: 41507 | E51: -0.2799 | F51: =D51*E51 -> -11617.809 | G51: -0.2394 | H51: =D51*G51 -> -9936.7758 | I51: -0.0287 | J51: =D51*I51 -> -1191.2509 | K51: 10463 | L51: 0.2521
A52: Total | D52: 2033974 | E52: -0.2786 | F52: =D52*E52 -> -566665.16 | G52: -0.2855 | H52: =D52*G52 -> -580699.58 | I52: -0.0287 | J52: =D52*I52 -> -58375.054 | K52: 417845 | L52: 0.2054

Sheet Ratios hebdomadaires
A1: MainLabel | D1: Sales | E1: COGS (€) | F1: Journées | G1: Semaine 1/CA Prévisionels | H1: Semaine 1/COGS Prévisionels | I1: Jours | J1: Semaine 2/CA Prévisionels | K1: Semaine 2/COGS Prévisionels | L1: Jours | M1: Semaine 3/CA Prévisionels | N1: Semaine 3/COGS Prévisionels | O1: Jours | P1: Semaine 4/CA Prévisionels | Q1: Semaine 4/COGS Prévisionels | R1: Jours | S1: Semaine 5/CA Prévisionels | T1: Semaine 5/COGS Prévisionels | U1: Jours | V1: Labour (€) | W1: Other Costs (€) | X1: CM | Y1: CM (%)
A2: Parent Site | B2: Clusters | C2: Managers | D2: Budget | E2: Budget | F2: =SUM(I2,L2,O2,R2,U2) -> 25 | G2: 36 | H2: 36 | I2: 6 | J2: =+G2+1 -> 37 | K2: =+H2+1 -> 37 | L2: 6 | M2: =+J2+1 -> 38 | N2: =+K2+1 -> 38 | O2: 6 | P2: =+M2+1 -> 39 | Q2: =+N2+1 -> 39 | R2: 6 | S2: =+P2+1 -> 40 | T2: =+Q2+1 -> 40 | U2: 1 | V2: Budget | W2: Budget | X2: Budget | Y2: Budget
A3: 1 | B3: Large | C3: 2 | D3: =+'Septembre 2024'!D3 -> 33244 | E3: ='Septembre 2024'!F3 -> -9304.9956 | F3: =E3/F$2 -> -372.19982 | G3: =(D3/F$2)*I$2 -> 7978.56 | H3: =F3*I$2 -> -2233.1989 | J3: =(D3/F$2)*L$2 -> 7978.56 | K3: =F3*L$2 -> -2233.1989 | M3: =(D3/F$2)*O$2 -> 7978.56 | N3: =F3*O$2 -> -2233.1989 | P3: =(D3/F$2)*R$2 -> 7978.56 | Q3: =F3*R$2 -> -2233.1989 | S3: =(D3/F$2)*U$2 -> 1329.76 | T3: =F3*U$2 -> -372.19982 | V3: ='Septembre 2024'!H3 -> -5644.8312 | W3: ='Septembre 2024'!J3 -> -1023.9152 | X3: 11620 | Y3: 0.3495
A4: 2 | B4: Mega | C4: 6 | D4: =+'Septembre 2024'!D4 -> 46505 | E4: ='Septembre 2024'!F4 -> -12867.933 | F4: =E4/F$2 -> -514.71734 | G4: =(D4/F$2)*I$2 -> 11161.2 | H4: =F4*I$2 -> -3088.304 | J4: =(D4/F$2)*L$2 -> 11161.2 | K4: =F4*L$2 -> -3088.304 | M4: =(D4/F$2)*O$2 -> 11161.2 | N4: =F4*O$2 -> -3088.304 | P4: =(D4/F$2)*R$2 -> 11161.2 | Q4: =F4*R$2 -> -3088.304 | S4: =(D4/F$2)*U$2 -> 1860.2 | T4: =F4*U$2 -> -514.71734 | V4: ='Septembre 2024'!H4 -> -14263.083 | W4: ='Septembre 2024'!J4 -> -1292.839 | X4: 8781 | Y4: 0.1888
A5: 3 | B5: Large | C5: 3 | D5: =+'Septembre 2024'!D5 -> 33752 | E5: ='Septembre 2024'!F5 -> -9447.1848 | F5: =E5/F$2 -> -377.88739 | G5: =(D5/F$2)*I$2 -> 8100.48 | H5: =F5*I$2 -> -2267.3244 | J5: =(D5/F$2)*L$2 -> 8100.48 | K5: =F5*L$2 -> -2267.3244 | M5: =(D5/F$2)*O$2 -> 8100.48 | N5: =F5*O$2 -> -2267.3244 | P5: =(D5/F$2)*R$2 -> 8100.48 | Q5: =F5*R$2 -> -2267.3244 | S5: =(D5/F$2)*U$2 -> 1350.08 | T5: =F5*U$2 -> -377.88739 | V5: ='Septembre 2024'!H5 -> -9524.8144 | W5: ='Septembre 2024'!J5 -> -1032.8112 | X5: 6829 | Y5: 0.2023
A6: 4 | B6: Small | C6: 5 | D6: =+'Septembre 2024'!D6 -> 9721 | E6: ='Septembre 2024'!F6 -> -2817.1458 | F6: =E6/F$2 -> -112.68583 | G6: =(D6/F$2)*I$2 -> 2333.04 | H6: =F6*I$2 -> -676.11499 | J6: =(D6/F$2)*L$2 -> 2333.04 | K6: =F6*L$2 -> -676.11499 | M6: =(D6/F$2)*O$2 -> 2333.04 | N6: =F6*O$2 -> -676.11499 | P6: =(D6/F$2)*R$2 -> 2333.04 | Q6: =F6*R$2 -> -676.11499 | S6: =(D6/F$2)*U$2 -> 388.84 | T6: =F6*U$2 -> -112.68583 | V6: ='Septembre 2024'!H6 -> -12208.604 | W6: ='Septembre 2024'!J6 -> -545.3481 | X6: -6822 | Y6: -0.7017
A7: 5 | B7: Mega | C7: 2 | D7: =+'Septembre 2024'!D7 -> 69835 | E7: ='Septembre 2024'!F7 -> -19323.344 | F7: =E7/F$2 -> -772.93378 | G7: =(D7/F$2)*I$2 -> 16760.4 | H7: =F7*I$2 -> -4637.6027 | J7: =(D7/F$2)*L$2 -> 16760.4 | K7: =F7*L$2 -> -4637.6027 | M7: =(D7/F$2)*O$2 -> 16760.4 | N7: =F7*O$2 -> -4637.6027 | P7: =(D7/F$2)*R$2 -> 16760.4 | Q7: =F7*R$2 -> -4637.6027 | S7: =(D7/F$2)*U$2 -> 2793.4 | T7: =F7*U$2 -> -772.93378 | V7: ='Septembre 2024'!H7 -> -16676.598 | W7: ='Septembre 2024'!J7 -> -1766.8255 | X7: 17057 | Y7: 0.2442
A8: 6 | B8: Medium | C8: 4 | D8: =+'Septembre 2024'!D8 -> 25360 | E8: ='Septembre 2024'!F8 -> -7098.264 | F8: =E8/F$2 -> -283.93056 | G8: =(D8/F$2)*I$2 -> 6086.4 | H8: =F8*I$2 -> -1703.5834 | J8: =(D8/F$2)*L$2 -> 6086.4 | K8: =F8*L$2 -> -1703.5834 | M8: =(D8/F$2)*O$2 -> 6086.4 | N8: =F8*O$2 -> -1703.5834 | P8: =(D8/F$2)*R$2 -> 6086.4 | Q8: =F8*R$2 -> -1703.5834 | S8: =(D8/F$2)*U$2 -> 1014.4 | T8: =F8*U$2 -> -283.93056 | V8: ='Septembre 2024'!H8 -> -7511.632 | W8: ='Septembre 2024'!J8 -> -862.24 | X8: 6464 | Y8: 0.2549
A9: 7 | B9: Jumbo | C9: 3 | D9: =+'Septembre 2024'!D9 -> 82516 | E9: ='Septembre 2024'!F9 -> -22832.177 | F9: =E9/F$2 -> -913.28709 | G9: =(D9/F$2)*I$2 -> 19803.84 | H9: =F9*I$2 -> -5479.7225 | J9: =(D9/F$2)*L$2 -> 19803.84 | K9: =F9*L$2 -> -5479.7225 | M9: =(D9/F$2)*O$2 -> 19803.84 | N9: =F9*O$2 -> -5479.7225 | P9: =(D9/F$2)*R$2 -> 19803.84 | Q9: =F9*R$2 -> -5479.7225 | S9: =(D9/F$2)*U$2 -> 3300.64 | T9: =F9*U$2 -> -913.28709 | V9: ='Septembre 2024'!H9 -> -22733.158 | W9: ='Septembre 2024'!J9 -> -2021.642 | X9: 17185 | Y9: 0.2083
A10: 8 | B10: Jumbo | C10: 7 | D10: =+'Septembre 2024'!D10 -> 107412 | E10: ='Septembre 2024'!F10 -> -29720.9 | F10: =E10/F$2 -> -1188.836 | G10: =(D10/F$2)*I$2 -> 25778.88 | H10: =F10*I$2 -> -7133.0161 | J10: =(D10/F$2)*L$2 -> 25778.88 | K10: =F10*L$2 -> -7133.0161 | M10: =(D10/F$2)*O$2 -> 25778.88 | N10: =F10*O$2 -> -7133.0161 | P10: =(D10/F$2)*R$2 -> 25778.88 | Q10: =F10*R$2 -> -7133.0161 | S10: =(D10/F$2)*U$2 -> 4296.48 | T10: =F10*U$2 -> -1188.836 | V10: ='Septembre 2024'!H10 -> -30795.02 | W10: ='Septembre 2024'!J10 -> -2524.182 | X10: 21271 | Y10: 0.198
A11: 9 | B11: Medium | C11: 1 | D11: =+'Septembre 2024'!D11 -> 19986 | E11: ='Septembre 2024'!F11 -> -5594.0814 | F11: =E11/F$2 -> -223.76326 | G11: =(D11/F$2)*I$2 -> 4796.64 | H11: =F11*I$2 -> -1342.5795 | J11: =(D11/F$2)*L$2 -> 4796.64 | K11: =F11*L$2 -> -1342.5795 | M11: =(D11/F$2)*O$2 -> 4796.64 | N11: =F11*O$2 -> -1342.5795 | P11: =(D11/F$2)*R$2 -> 4796.64 | Q11: =F11*R$2 -> -1342.5795 | S11: =(D11/F$2)*U$2 -> 799.44 | T11: =F11*U$2 -> -223.76326 | V11: ='Septembre 2024'!H11 -> -4117.116 | W11: ='Septembre 2024'!J11 -> -753.4722 | X11: 6124 | Y11: 0.3064
A12: 10 | B12: Jumbo | C12: 7 | D12: =+'Septembre 2024'!D12 -> 122386 | E12: ='Septembre 2024'!F12 -> -33864.206 | F12: =E12/F$2 -> -1354.5682 | G12: =(D12/F$2)*I$2 -> 29372.64 | H12: =F12*I$2 -> -8127.4095 | J12: =(D12/F$2)*L$2 -> 29372.64 | K12: =F12*L$2 -> -8127.4095 | M12: =(D12/F$2)*O$2 -> 29372.64 | N12: =F12*O$2 -> -8127.4095 | P12: =(D12/F$2)*R$2 -> 29372.64 | Q12: =F12*R$2 -> -8127.4095 | S12: =(D12/F$2)*U$2 -> 4895.44 | T12: =F12*U$2 -> -1354.5682 | V12: ='Septembre 2024'!H12 -> -34880.01 | W12: ='Septembre 2024'!J12 -> -2827.1166 | X12: 24497 | Y12: 0.2002
A13: 11 | B13: Medium | C13: 1 | D13: =+'Septembre 2024'!D13 -> 21222 | E13: ='Septembre 2024'!F13 -> -5940.0378 | F13: =E13/F$2 -> -237.60151 | G13: =(D13/F$2)*I$2 -> 5093.28 | H13: =F13*I$2 -> -1425.6091 | J13: =(D13/F$2)*L$2 -> 5093.28 | K13: =F13*L$2 -> -1425.6091 | M13: =(D13/F$2)*O$2 -> 5093.28 | N13: =F13*O$2 -> -1425.6091 | P13: =(D13/F$2)*R$2 -> 5093.28 | Q13: =F13*R$2 -> -1425.6091 | S13: =(D13/F$2)*U$2 -> 848.88 | T13: =F13*U$2 -> -237.60151 | V13: ='Septembre 2024'!H13 -> -5152.7016 | W13: ='Septembre 2024'!J13 -> -778.8474 | X13: 5744 | Y13: 0.2707
A14: 12 | B14: Mega | C14: 5 | D14: =+'Septembre 2024'!D14 -> 63516 | E14: ='Septembre 2024'!F14 -> -17574.877 | F14: =E14/F$2 -> -702.99509 | G14: =(D14/F$2)*I$2 -> 15243.84 | H14: =F14*I$2 -> -4217.9705 | J14: =(D14/F$2)*L$2 -> 15243.84 | K14: =F14*L$2 -> -4217.9705 | M14: =(D14/F$2)*O$2 -> 15243.84 | N14: =F14*O$2 -> -4217.9705 | P14: =(D14/F$2)*R$2 -> 15243.84 | Q14: =F14*R$2 -> -4217.9705 | S14: =(D14/F$2)*U$2 -> 2540.64 | T14: =F14*U$2 -> -702.99509 | V14: ='Septembre 2024'!H14 -> -16209.283 | W14: ='Septembre 2024'!J14 -> -1638.7128 | X14: 14436 | Y14: 0.2273
... A22: 20 | B22: Mega | C22: 4 | D22: =+'Septembre 2024'!D22 -> 61817 | E22: ='Septembre 2024'!F22 -> -17104.764 | F22: =E22/F$2 -> -684.19056 | G22: =(D22/F$2)*I$2 -> 14836.08 | H22: =F22*I$2 -> -4105.1433 | J22: =(D22/F$2)*L$2 -> 14836.08 | K22: =F22*L$2 -> -4105.1433 | M22: =(D22/F$2)*O$2 -> 14836.08 | N22: =F22*O$2 -> -4105.1433 | P22: =(D22/F$2)*R$2 -> 14836.08 | Q22: =F22*R$2 -> -4105.1433 | S22: =(D22/F$2)*U$2 -> 2472.68 | T22: =F22*U$2 -> -684.19056 | V22: ='Septembre 2024'!H22 -> -17259.306 | W22: ='Septembre 2024'!J22 -> -1601.0603 | X22: 11942 | Y22: 0.1932
A23: 21 | B23: Medium | C23: 6 | D23: =+'Septembre 2024'!D23 -> 19900 | E23: ='Septembre 2024'!F23 -> -5906.32 | F23: =E23/F$2 -> -236.2528 | G23: =(D23/F$2)*I$2 -> 4776 | H23: =F23*I$2 -> -1417.5168 | J23: =(D23/F$2)*L$2 -> 4776 | K23: =F23*L$2 -> -1417.5168 | M23: =(D23/F$2)*O$2 -> 4776 | N23: =F23*O$2 -> -1417.5168 | P23: =(D23/F$2)*R$2 -> 4776 | Q23: =F23*R$2 -> -1417.5168 | S23: =(D23/F$2)*U$2 -> 796 | T23: =F23*U$2 -> -236.2528 | V23: ='Septembre 2024'!H23 -> -8939.08 | W23: ='Septembre 2024'!J23 -> -752.22 | X23: =D23*Y23 -> 222.88 | Y23: 0.0112
A24: 22 | B24: Large | C24: 1 | D24: =+'Septembre 2024'!D24 -> 47019 | E24: ='Septembre 2024'!F24 -> -13160.618 | F24: =E24/F$2 -> -526.42472 | G24: =(D24/F$2)*I$2 -> 11284.56 | H24: =F24*I$2 -> -3158.5483 | J24: =(D24/F$2)*L$2 -> 11284.56 | K24: =F24*L$2 -> -3158.5483 | M24: =(D24/F$2)*O$2 -> 11284.56 | N24: =F24*O$2 -> -3158.5483 | P24: =(D24/F$2)*R$2 -> 11284.56 | Q24: =F24*R$2 -> -3158.5483 | S24: =(D24/F$2)*U$2 -> 1880.76 | T24: =F24*U$2 -> -526.42472 | V24: ='Septembre 2024'!H24 -> -14369.006 | W24: ='Septembre 2024'!J24 -> -1302.4263 | X24: 8550 | Y24: 0.1818
A25: 23 | B25: Medium | C25: 1 | D25: =+'Septembre 2024'!D25 -> 20986 | E25: ='Septembre 2024'!F25 -> -5873.9814 | F25: =E25/F$2 -> -234.95926 | G25: =(D25/F$2)*I$2 -> 5036.64 | H25: =F25*I$2 -> -1409.7555 | J25: =(D25/F$2)*L$2 -> 5036.64 | K25: =F25*L$2 -> -1409.7555 | M25: =(D25/F$2)*O$2 -> 5036.64 | N25: =F25*O$2 -> -1409.7555 | P25: =(D25/F$2)*R$2 -> 5036.64 | Q25: =F25*R$2 -> -1409.7555 | S25: =(D25/F$2)*U$2 -> 839.44 | T25: =F25*U$2 -> -234.95926 | V25: ='Septembre 2024'!H25 -> -4159.4252 | W25: ='Septembre 2024'!J25 -> -774.3834 | X25: 6611 | Y25: 0.315
A26: 24 | B26: Small | C26: 2 | D26: =+'Septembre 2024'!D26 -> 15411 | E26: ='Septembre 2024'!F26 -> -4466.1078 | F26: =E26/F$2 -> -178.64431 | G26: =(D26/F$2)*I$2 -> 3698.64 | H26: =F26*I$2 -> -1071.8659 | J26: =(D26/F$2)*L$2 -> 3698.64 | K26: =F26*L$2 -> -1071.8659 | M26: =(D26/F$2)*O$2 -> 3698.64 | N26: =F26*O$2 -> -1071.8659 | P26: =(D26/F$2)*R$2 -> 3698.64 | Q26: =F26*R$2 -> -1071.8659 | S26: =(D26/F$2)*U$2 -> 616.44 | T26: =F26*U$2 -> -178.64431 | V26: ='Septembre 2024'!H26 -> -5970.2214 | W26: ='Septembre 2024'!J26 -> -661.1319 | X26: 1695 | Y26: 0.11
A27: 25 | B27: Medium | C27: 3 | D27: =+'Septembre 2024'!D27 -> 28751 | E27: ='Septembre 2024'!F27 -> -8047.4049 | F27: =E27/F$2 -> -321.8962 | G27: =(D27/F$2)*I$2 -> 6900.24 | H27: =F27*I$2 -> -1931.3772 | J27: =(D27/F$2)*L$2 -> 6900.24 | K27: =F27*L$2 -> -1931.3772 | M27: =(D27/F$2)*O$2 -> 6900.24 | N27: =F27*O$2 -> -1931.3772 | P27: =(D27/F$2)*R$2 -> 6900.24 | Q27: =F27*R$2 -> -1931.3772 | S27: =(D27/F$2)*U$2 -> 1150.04 | T27: =F27*U$2 -> -321.8962 | V27: ='Septembre 2024'!H27 -> -8760.4297 | W27: ='Septembre 2024'!J27 -> -931.5324 | X27: 6125 | Y27: 0.213
A28: 26 | B28: Small | C28: 5 | D28: =+'Septembre 2024'!D28 -> 8892 | E28: ='Septembre 2024'!F28 -> -2576.9016 | F28: =E28/F$2 -> -103.07606 | G28: =(D28/F$2)*I$2 -> 2134.08 | H28: =F28*I$2 -> -618.45638 | J28: =(D28/F$2)*L$2 -> 2134.08 | K28: =F28*L$2 -> -618.45638 | M28: =(D28/F$2)*O$2 -> 2134.08 | N28: =F28*O$2 -> -618.45638 | P28: =(D28/F$2)*R$2 -> 2134.08 | Q28: =F28*R$2 -> -618.45638 | S28: =(D28/F$2)*U$2 -> 355.68 | T28: =F28*U$2 -> -103.07606 | V28: ='Septembre 2024'!H28 -> -3286.4832 | W28: ='Septembre 2024'!J28 -> -528.1848 | X28: =D28*Y28 -> 721.1412 | Y28: 0.0811
A29: 27 | B29: Jumbo | C29: 7 | D29: =+'Septembre 2024'!D29 -> 89682 | E29: ='Septembre 2024'!F29 -> -24267.949 | F29: =E29/F$2 -> -970.71797 | G29: =(D29/F$2)*I$2 -> 21523.68 | H29: =F29*I$2 -> -5824.3078 | J29: =(D29/F$2)*L$2 -> 21523.68 | K29: =F29*L$2 -> -5824.3078 | M29: =(D29/F$2)*O$2 -> 21523.68 | N29: =F29*O$2 -> -5824.3078 | P29: =(D29/F$2)*R$2 -> 21523.68 | Q29: =F29*R$2 -> -5824.3078 | S29: =(D29/F$2)*U$2 -> 3587.28 | T29: =F29*U$2 -> -970.71797 | V29: ='Septembre 2024'!H29 -> -19819.722 | W29: ='Septembre 2024'!J29 -> -2170.3044 | X29: 24146 | Y29: 0.2692
A30: 28 | B30: Medium | C30: 7 | D30: =+'Septembre 2024'!D30 -> 17663 | E30: ='Septembre 2024'!F30 -> -4943.8737 | F30: =E30/F$2 -> -197.75495 | G30: =(D30/F$2)*I$2 -> 4239.12 | H30: =F30*I$2 -> -1186.5297 | J30: =(D30/F$2)*L$2 -> 4239.12 | K30: =F30*L$2 -> -1186.5297 | M30: =(D30/F$2)*O$2 -> 4239.12 | N30: =F30*O$2 -> -1186.5297 | P30: =(D30/F$2)*R$2 -> 4239.12 | Q30: =F30*R$2 -> -1186.5297 | S30: =(D30/F$2)*U$2 -> 706.52 | T30: =F30*U$2 -> -197.75495 | V30: ='Septembre 2024'!H30 -> -4685.9939 | W30: ='Septembre 2024'!J30 -> -706.52 | X30: 5295 | Y30: 0.2998
A31: 29 | B31: Medium | C31: 3 | D31: =+'Septembre 2024'!D31 -> 22990 | E31: ='Septembre 2024'!F31 -> -6434.901 | F31: =E31/F$2 -> -257.39604 | G31: =(D31/F$2)*I$2 -> 5517.6 | H31: =F31*I$2 -> -1544.3762 | J31: =(D31/F$2)*L$2 -> 5517.6 | K31: =F31*L$2 -> -1544.3762 | M31: =(D31/F$2)*O$2 -> 5517.6 | N31: =F31*O$2 -> -1544.3762 | P31: =(D31/F$2)*R$2 -> 5517.6 | Q31: =F31*R$2 -> -1544.3762 | S31: =(D31/F$2)*U$2 -> 919.6 | T31: =F31*U$2 -> -257.39604 | V31: ='Septembre 2024'!H31 -> -7142.993 | W31: ='Septembre 2024'!J31 -> -813.846 | X31: 3885 | Y31: 0.169
A32: 30 | B32: Mega | C32: 1 | D32: =+'Septembre 2024'!D32 -> 58211 | E32: ='Septembre 2024'!F32 -> -16106.984 | F32: =E32/F$2 -> -644.27935 | G32: =(D32/F$2)*I$2 -> 13970.64 | H32: =F32*I$2 -> -3865.6761 | J32: =(D32/F$2)*L$2 -> 13970.64 | K32: =F32*L$2 -> -3865.6761 | M32: =(D32/F$2)*O$2 -> 13970.64 | N32: =F32*O$2 -> -3865.6761 | P32: =(D32/F$2)*R$2 -> 13970.64 | Q32: =F32*R$2 -> -3865.6761 | S32: =(D32/F$2)*U$2 -> 2328.44 | T32: =F32*U$2 -> -644.27935 | V32: ='Septembre 2024'!H32 -> -12806.42 | W32: ='Septembre 2024'!J32 -> -1530.9493 | X32: 15252 | Y32: 0.262
A33: 31 | B33: Medium | C33: 4 | D33: =+'Septembre 2024'!D33 -> 24844 | E33: ='Septembre 2024'!F33 -> -6953.8356 | F33: =E33/F$2 -> -278.15342 | G33: =(D33/F$2)*I$2 -> 5962.56 | H33: =F33*I$2 -> -1668.9205 | J33: =(D33/F$2)*L$2 -> 5962.56 | K33: =F33*L$2 -> -1668.9205 | M33: =(D33/F$2)*O$2 -> 5962.56 | N33: =F33*O$2 -> -1668.9205 | P33: =(D33/F$2)*R$2 -> 5962.56 | Q33: =F33*R$2 -> -1668.9205 | S33: =(D33/F$2)*U$2 -> 993.76 | T33: =F33*U$2 -> -278.15342 | V33: ='Septembre 2024'!H33 -> -7413.4496 | W33: ='Septembre 2024'!J33 -> -852.1492 | X33: 5402 | Y33: 0.2175
A34: 32 | B34: Medium | C34: 6 | D34: =+'Septembre 2024'!D34 -> 22554 | E34: ='Septembre 2024'!F34 -> -6312.8646 | F34: =E34/F$2 -> -252.51458 | G34: =(D34/F$2)*I$2 -> 5412.96 | H34: =F34*I$2 -> -1515.0875 | J34: =(D34/F$2)*L$2 -> 5412.96 | K34: =F34*L$2 -> -1515.0875 | M34: =(D34/F$2)*O$2 -> 5412.96 | N34: =F34*O$2 -> -1515.0875 | P34: =(D34/F$2)*R$2 -> 5412.96 | Q34: =F34*R$2 -> -1515.0875 | S34: =(D34/F$2)*U$2 -> 902.16 | T34: =F34*U$2 -> -252.51458 | V34: ='Septembre 2024'!H34 -> -12208.48 | W34: ='Septembre 2024'!J34 -> -805.1778 | X34: -1283 | Y34: -0.0569
A35: 33 | B35: Mega | C35: 3 | D35: =+'Septembre 2024'!D35 -> 78562 | E35: ='Septembre 2024'!F35 -> -21738.105 | F35: =E35/F$2 -> -869.52422 | G35: =(D35/F$2)*I$2 -> 18854.88 | H35: =F35*I$2 -> -5217.1453 | J35: =(D35/F$2)*L$2 -> 18854.88 | K35: =F35*L$2 -> -5217.1453 | M35: =(D35/F$2)*O$2 -> 18854.88 | N35: =F35*O$2 -> -5217.1453 | P35: =(D35/F$2)*R$2 -> 18854.88 | Q35: =F35*R$2 -> -5217.1453 | S35: =(D35/F$2)*U$2 -> 3142.48 | T35: =F35*U$2 -> -869.52422 | V35: ='Septembre 2024'!H35 -> -19428.383 | W35: ='Septembre 2024'!J35 -> -1940.4814 | X35: 18564 | Y35: 0.2363
A36: 34 | B36: Mega | C36: 1 | D36: =+'Septembre 2024'!D36 -> 64180 | E36: ='Septembre 2024'!F36 -> -17758.606 | F36: =E36/F$2 -> -710.34424 | G36: =(D36/F$2)*I$2 -> 15403.2 | H36: =F36*I$2 -> -4262.0654 | J36: =(D36/F$2)*L$2 -> 15403.2 | K36: =F36*L$2 -> -4262.0654 | M36: =(D36/F$2)*O$2 -> 15403.2 | N36: =F36*O$2 -> -4262.0654 | P36: =(D36/F$2)*R$2 -> 15403.2 | Q36: =F36*R$2 -> -4262.0654 | S36: =(D36/F$2)*U$2 -> 2567.2 | T36: =F36*U$2 -> -710.34424 | V36: ='Septembre 2024'!H36 -> -13067.048 | W36: ='Septembre 2024'!J36 -> -1649.426 | X36: 17906 | Y36: 0.279
A37: 35 | B37: Jumbo | C37: 2 | D37: =+'Septembre 2024'!D37 -> 93306 | E37: ='Septembre 2024'!F37 -> -25248.604 | F37: =E37/F$2 -> -1009.9441 | G37: =(D37/F$2)*I$2 -> 22393.44 | H37: =F37*I$2 -> -6059.6649 | J37: =(D37/F$2)*L$2 -> 22393.44 | K37: =F37*L$2 -> -6059.6649 | M37: =(D37/F$2)*O$2 -> 22393.44 | N37: =F37*O$2 -> -6059.6649 | P37: =(D37/F$2)*R$2 -> 22393.44 | Q37: =F37*R$2 -> -6059.6649 | S37: =(D37/F$2)*U$2 -> 3732.24 | T37: =F37*U$2 -> -1009.9441 | V37: ='Septembre 2024'!H37 -> -20620.626 | W37: ='Septembre 2024'!J37 -> -2239.344 | X37: 25135 | Y37: 0.2694
A38: 36 | B38: Medium | C38: 6 | D38: =+'Septembre 2024'!D38 -> 24179 | E38: ='Septembre 2024'!F38 -> -7176.3272 | F38: =E38/F$2 -> -287.05309 | G38: =(D38/F$2)*I$2 -> 5802.96 | H38: =F38*I$2 -> -1722.3185 | J38: =(D38/F$2)*L$2 -> 5802.96 | K38: =F38*L$2 -> -1722.3185 | M38: =(D38/F$2)*O$2 -> 5802.96 | N38: =F38*O$2 -> -1722.3185 | P38: =(D38/F$2)*R$2 -> 5802.96 | Q38: =F38*R$2 -> -1722.3185 | S38: =(D38/F$2)*U$2 -> 967.16 | T38: =F38*U$2 -> -287.05309 | V38: ='Septembre 2024'!H38 -> -8868.8572 | W38: ='Septembre 2024'!J38 -> -839.0113 | X38: 1492 | Y38: 0.0617
A39: 37 | B39: Mega | C39: 2 | D39: =+'Septembre 2024'!D39 -> 62329 | E39: ='Septembre 2024'!F39 -> -17246.434 | F39: =E39/F$2 -> -689.85737 | G39: =(D39/F$2)*I$2 -> 14958.96 | H39: =F39*I$2 -> -4139.1442 | J39: =(D39/F$2)*L$2 -> 14958.96 | K39: =F39*L$2 -> -4139.1442 | M39: =(D39/F$2)*O$2 -> 14958.96 | N39: =F39*O$2 -> -4139.1442 | P39: =(D39/F$2)*R$2 -> 14958.96 | Q39: =F39*R$2 -> -4139.1442 | S39: =(D39/F$2)*U$2 -> 2493.16 | T39: =F39*U$2 -> -689.85737 | V39: ='Septembre 2024'!H39 -> -16673.007 | W39: ='Septembre 2024'!J39 -> -1614.3211 | X39: 18380 | Y39: 0.2949
A40: 38 | B40: Small | C40: 2 | D40: =+'Septembre 2024'!D40 -> 12439 | E40: ='Septembre 2024'!F40 -> -3604.8222 | F40: =E40/F$2 -> -144.19289 | G40: =(D40/F$2)*I$2 -> 2985.36 | H40: =F40*I$2 -> -865.15733 | J40: =(D40/F$2)*L$2 -> 2985.36 | K40: =F40*L$2 -> -865.15733 | M40: =(D40/F$2)*O$2 -> 2985.36 | N40: =F40*O$2 -> -865.15733 | P40: =(D40/F$2)*R$2 -> 2985.36 | Q40: =F40*R$2 -> -865.15733 | S40: =(D40/F$2)*U$2 -> 497.56 | T40: =F40*U$2 -> -144.19289 | V40: ='Septembre 2024'!H40 -> -2572.3852 | W40: ='Septembre 2024'!J40 -> -600.8037 | X40: 3982 | Y40: 0.3201
... A51: 49 | B51: Large | C51: 4 | D51: =+'Septembre 2024'!D51 -> 41507 | E51: ='Septembre 2024'!F51 -> -11617.809 | F51: =E51/F$2 -> -464.71237 | G51: =(D51/F$2)*I$2 -> 9961.68 | H51: =F51*I$2 -> -2788.2742 | J51: =(D51/F$2)*L$2 -> 9961.68 | K51: =F51*L$2 -> -2788.2742 | M51: =(D51/F$2)*O$2 -> 9961.68 | N51: =F51*O$2 -> -2788.2742 | P51: =(D51/F$2)*R$2 -> 9961.68 | Q51: =F51*R$2 -> -2788.2742 | S51: =(D51/F$2)*U$2 -> 1660.28 | T51: =F51*U$2 -> -464.71237 | V51: ='Septembre 2024'!H51 -> -9936.7758 | W51: ='Septembre 2024'!J51 -> -1191.2509 | X51: 10463 | Y51: 0.2521
A52: Total | D52: =+'Septembre 2024'!D52 -> 2033974 | E52: ='Septembre 2024'!F52 -> -566665.16 | F52: =E52/F$2 -> -22666.606 | G52: =(D52/F$2)*I$2 -> 488153.76 | H52: =F52*I$2 -> -135999.64 | J52: =(D52/F$2)*L$2 -> 488153.76 | K52: =F52*L$2 -> -135999.64 | M52: =(D52/F$2)*O$2 -> 488153.76 | N52: =F52*O$2 -> -135999.64 | P52: =(D52/F$2)*R$2 -> 488153.76 | Q52: =F52*R$2 -> -135999.64 | S52: =(D52/F$2)*U$2 -> 81358.96 | T52: =F52*U$2 -> -22666.606 | V52: ='Septembre 2024'!H52 -> -580699.58 | W52: ='Septembre 2024'!J52 -> -58375.054 | X52: 417845 | Y52: 0.2054

Sheet Suivi Hebdomadaires
A1: MainLabel | D1: Sales | E1: COGS (€) | F1: Sales | G1: COGS (€) | H1: COGS (€) | I1: Journées Travaillées | J1: Semaine 1 CA Budget HT | K1: Semaine 1 CA Réel HT | L1: Semaine 1/COGS Prévisionels | M1: Semaine 1 Factures Réelles | N1: Ratios Réels Semaine 1 | O1: Jours | P1: Semaine 2 CA Budget HT | Q1: Semaine 2 CA Réel HT | R1: Semaine 2 COGS Prévisionels | S1: Semaine 2 Factures Réelles | T1: Ratios Réels Semaine 2 | U1: Jours | V1: Semaine 3 CA Budget HT | W1: Semaine 3 CA Réel HT | X1: Semaine 3 COGS Prévisionels | Y1: Semaine 3 Factures Réelles | Z1: Ratios Réels Semaine 3 | AA1: Jours | AB1: Semaine 4 CA Budget HT | AC1: Semaine 4 CA Réel HT | AD1: Semaine 4 COGS Prévisionels | AE1: Semaine 4 Factures Réelles | AF1: Ratios Réels Semaine 4 | AG1: Jours | AH1: Semaine 5 CA Budget HT | AI1: Semaine 5 CA Réel HT | AJ1: Semaine 5 COGS Prévisionels | AK1: Semaine 5 Factures Réelles | AL1: Ratios Réels Semaine 5 | AM1: Jours
A2: Parent Site | B2: Clusters | C2: Managers | D2: Budget | E2: Budget | F2: Mise à jour Réelle | G2: Mise à jour Réelle | H2: Ratio Réel | I2: 25 | J2: =+'Ratios hebdomadaires'!G2 -> 36 | K2: =+J2 -> 36 | L2: =+K2 -> 36 | M2: =+L2 -> 36 | N2: =+M2 -> 36 | O2: =+'Ratios hebdomadaires'!I2 -> 6 | P2: =+'Ratios hebdomadaires'!J2 -> 37 | Q2: =P2 -> 37 | R2: =Q2 -> 37 | S2: =R2 -> 37 | T2: =S2 -> 37 | U2: =+'Ratios hebdomadaires'!L2 -> 6 | V2: =+'Ratios hebdomadaires'!M2 -> 38 | W2: =V2 -> 38 | X2: =W2 -> 38 | Y2: =X2 -> 38 | Z2: =Y2 -> 38 | AA2: =+'Ratios hebdomadaires'!O2 -> 6 | AB2: =+'Ratios hebdomadaires'!P2 -> 39 | AC2: =AB2 -> 39 | AD2: =AC2 -> 39 | AE2: =AD2 -> 39 | AF2: =AE2 -> 39 | AG2: =+'Ratios hebdomadaires'!R2 -> 6 | AH2: =+'Ratios hebdomadaires'!S2 -> 40 | AI2: =AH2 -> 40 | AJ2: =AI2 -> 40 | AK2: =AJ2 -> 40 | AL2: =AK2 -> 40 | AM2: =+'Ratios hebdomadaires'!U2 -> 1
A3: 1 | B3: Large | C3: 2 | D3: ='Septembre 2024'!D3 -> 33244 | E3: ='Septembre 2024'!F3 -> -9304.9956 | F3: =SUM(K3,Q3,W3,AC3,AI3) -> 0 | G3: =SUM(M3,S3,Y3,AE3,AK3) -> 0 | H3: =IFERROR(G3/F3,"") | J3: ='Ratios hebdomadaires'!G3 -> 7978.56 | L3: ='Ratios hebdomadaires'!H3 -> -2233.1989 | N3: =IFERROR(M3/K3,"") | P3: =IF(ISBLANK(K3),J3/O$2*U$2,($D3-SUMIF($K$1:K$1,"Semaine*CA Réel HT",$K3:K3))/(25-SUMIF($O$1:O$1,"Jours",$O$2:O$2))*U$2) -> 7978.56 | R3: ='Ratios hebdomadaires'!K3 -> -2233.1989 | T3: =IFERROR(S3/Q3,"") | V3: =IF(ISBLANK(Q3),P3/U$2*AA$2,($D3-SUMIF($K$1:Q$1,"Semaine*CA Réel HT",$K3:Q3))/(25-SUMIF($O$1:U$1,"Jours",$O$2:U$2))*AA$2) -> 7978.56 | X3: ='Ratios hebdomadaires'!N3 -> -2233.1989 | Z3: =IFERROR(Y3/W3,"") | AB3: =IF(ISBLANK(W3),V3/AA$2*AG$2,($D3-SUMIF($K$1:W$1,"Semaine*CA Réel HT",$K3:W3))/(25-SUMIF($O$1:AA$1,"Jours",$O$2:AA$2))*AG$2) -> 7978.56 | AD3: ='Ratios hebdomadaires'!Q3 -> -2233.1989 | AF3: =IFERROR(AE3/AC3,"") | AH3: =IF(ISBLANK(AC3),AB3/AG$2*AM$2,($D3-SUMIF($K$1:AC$1,"Semaine*CA Réel HT",$K3:AC3))/(25-SUMIF($O$1:AG$1,"Jours",$O$2:AG$2))*AM$2) -> 1329.76 | AJ3: ='Ratios hebdomadaires'!T3 -> -372.19982 | AL3: =IFERROR(AK3/AI3,"")
A4: 2 | B4: Mega | C4: 6 | D4: ='Septembre 2024'!D4 -> 46505 | E4: ='Septembre 2024'!F4 -> -12867.933 | F4: =SUM(K4,Q4,W4,AC4,AI4) -> 0 | G4: =SUM(M4,S4,Y4,AE4,AK4) -> 0 | H4: =IFERROR(G4/F4,"") | J4: ='Ratios hebdomadaires'!G4 -> 11161.2 | L4: ='Ratios hebdomadaires'!H4 -> -3088.304 | N4: =IFERROR(M4/K4,"") | P4: =IF(ISBLANK(K4),J4/O$2*U$2,($D4-SUMIF($K$1:K$1,"Semaine*CA Réel HT",$K4:K4))/(25-SUMIF($O$1:O$1,"Jours",$O$2:O$2))*U$2) -> 11161.2 | R4: ='Ratios hebdomadaires'!K4 -> -3088.304 | T4: =IF(OR(S4="",S4=0),"",S4/Q4) | V4: =IF(ISBLANK(Q4),P4/U$2*AA$2,($D4-SUMIF($K$1:Q$1,"Semaine*CA Réel HT",$K4:Q4))/(25-SUMIF($O$1:U$1,"Jours",$O$2:U$2))*AA$2) -> 11161.2 | X4: ='Ratios hebdomadaires'!N4 -> -3088.304 | Z4: =IF(OR(Y4="",Y4=0),"",Y4/W4) | AB4: =IF(ISBLANK(W4),V4/AA$2*AG$2,($D4-SUMIF($K$1:W$1,"Semaine*CA Réel HT",$K4:W4))/(25-SUMIF($O$1:AA$1,"Jours",$O$2:AA$2))*AG$2) -> 11161.2 | AD4: ='Ratios hebdomadaires'!Q4 -> -3088.304 | AF4: =IF(OR(AE4="",AE4=0),"",AE4/AC4) | AH4: =IF(ISBLANK(AC4),AB4/AG$2*AM$2,($D4-SUMIF($K$1:AC$1,"Semaine*CA Réel HT",$K4:AC4))/(25-SUMIF($O$1:AG$1,"Jours",$O$2:AG$2))*AM$2) -> 1860.2 | AJ4: ='Ratios hebdomadaires'!T4 -> -514.71734 | AL4: =IF(OR(AK4="",AK4=0),"",AK4/AI4)
A5: 3 | B5: Large | C5: 3 | D5: ='Septembre 2024'!D5 -> 33752 | E5: ='Septembre 2024'!F5 -> -9447.1848 | F5: =SUM(K5,Q5,W5,AC5,AI5) -> 0 | G5: =SUM(M5,S5,Y5,AE5,AK5) -> 0 | H5: =IFERROR(G5/F5,"") | J5: ='Ratios hebdomadaires'!G5 -> 8100.48 | L5: ='Ratios hebdomadaires'!H5 -> -2267.3244 | N5: =IFERROR(M5/K5,"") | P5: =IF(ISBLANK(K5),J5/O$2*U$2,($D5-SUMIF($K$1:K$1,"Semaine*CA Réel HT",$K5:K5))/(25-SUMIF($O$1:O$1,"Jours",$O$2:O$2))*U$2) -> 8100.48 | R5: ='Ratios hebdomadaires'!K5 -> -2267.3244 | T5: =IF(OR(S5="",S5=0),"",S5/Q5) | V5: =IF(ISBLANK(Q5),P5/U$2*AA$2,($D5-SUMIF($K$1:Q$1,"Semaine*CA Réel HT",$K5:Q5))/(25-SUMIF($O$1:U$1,"Jours",$O$2:U$2))*AA$2) -> 8100.48 | X5: ='Ratios hebdomadaires'!N5 -> -2267.3244 | Z5: =IF(OR(Y5="",Y5=0),"",Y5/W5) | AB5: =IF(ISBLANK(W5),V5/AA$2*AG$2,($D5-SUMIF($K$1:W$1,"Semaine*CA Réel HT",$K5:W5))/(25-SUMIF($O$1:AA$1,"Jours",$O$2:AA$2))*AG$2) -> 8100.48 | AD5: ='Ratios hebdomadaires'!Q5 -> -2267.3244 | AF5: =IF(OR(AE5="",AE5=0),"",AE5/AC5) | AH5: =IF(ISBLANK(AC5),AB5/AG$2*AM$2,($D5-SUMIF($K$1:AC$1,"Semaine*CA Réel HT",$K5:AC5))/(25-SUMIF($O$1:AG$1,"Jours",$O$2:AG$2))*AM$2) -> 1350.08 | AJ5: ='Ratios hebdomadaires'!T5 -> -377.88739 | AL5: =IF(OR(AK5="",AK5=0),"",AK5/AI5)
A6: 4 | B6: Small | C6: 5 | D6: ='Septembre 2024'!D6 -> 9721 | E6: ='Septembre 2024'!F6 -> -2817.1458 | F6: =SUM(K6,Q6,W6,AC6,AI6) -> 0 | G6: =SUM(M6,S6,Y6,AE6,AK6) -> 0 | H6: =IFERROR(G6/F6,"") | J6: ='Ratios hebdomadaires'!G6 -> 2333.04 | L6: ='Ratios hebdomadaires'!H6 -> -676.11499 | N6: =IFERROR(M6/K6,"") | P6: =IF(ISBLANK(K6),J6/O$2*U$2,($D6-SUMIF($K$1:K$1,"Semaine*CA Réel HT",$K6:K6))/(25-SUMIF($O$1:O$1,"Jours",$O$2:O$2))*U$2) -> 2333.04 | R6: ='Ratios hebdomadaires'!K6 -> -676.11499 | T6: =IF(OR(S6="",S6=0),"",S6/Q6) | V6: =IF(ISBLANK(Q6),P6/U$2*AA$2,($D6-SUMIF($K$1:Q$1,"Semaine*CA Réel HT",$K6:Q6))/(25-SUMIF($O$1:U$1,"Jours",$O$2:U$2))*AA$2) -> 2333.04 | X6: ='Ratios hebdomadaires'!N6 -> -676.11499 | Z6: =IF(OR(Y6="",Y6=0),"",Y6/W6) | AB6: =IF(ISBLANK(W6),V6/AA$2*AG$2,($D6-SUMIF($K$1:W$1,"Semaine*CA Réel HT",$K6:W6))/(25-SUMIF($O$1:AA$1,"Jours",$O$2:AA$2))*AG$2) -> 2333.04 | AD6: ='Ratios hebdomadaires'!Q6 -> -676.11499 | AF6: =IF(OR(AE6="",AE6=0),"",AE6/AC6) | AH6: =IF(ISBLANK(AC6),AB6/AG$2*AM$2,($D6-SUMIF($K$1:AC$1,"Semaine*CA Réel HT",$K6:AC6))/(25-SUMIF($O$1:AG$1,"Jours",$O$2:AG$2))*AM$2) -> 388.84 | AJ6: ='Ratios hebdomadaires'!T6 -> -112.68583 | AL6: =IF(OR(AK6="",AK6=0),"",AK6/AI6)
A7: 5 | B7: Mega | C7: 2 | D7: ='Septembre 2024'!D7 -> 69835 | E7: ='Septembre 2024'!F7 -> -19323.344 | F7: =SUM(K7,Q7,W7,AC7,AI7) -> 0 | G7: =SUM(M7,S7,Y7,AE7,AK7) -> 0 | H7: =IFERROR(G7/F7,"") | J7: ='Ratios hebdomadaires'!G7 -> 16760.4 | L7: ='Ratios hebdomadaires'!H7 -> -4637.6027 | N7: =IFERROR(M7/K7,"") | P7: =IF(ISBLANK(K7),J7/O$2*U$2,($D7-SUMIF($K$1:K$1,"Semaine*CA Réel HT",$K7:K7))/(25-SUMIF($O$1:O$1,"Jours",$O$2:O$2))*U$2) -> 16760.4 | R7: ='Ratios hebdomadaires'!K7 -> -4637.6027 | T7: =IF(OR(S7="",S7=0),"",S7/Q7) | V7: =IF(ISBLANK(Q7),P7/U$2*AA$2,($D7-SUMIF($K$1:Q$1,"Semaine*CA Réel HT",$K7:Q7))/(25-SUMIF($O$1:U$1,"Jours",$O$2:U$2))*AA$2) -> 16760.4 | X7: ='Ratios hebdomadaires'!N7 -> -4637.6027 | Z7: =IF(OR(Y7="",Y7=0),"",Y7/W7) | AB7: =IF(ISBLANK(W7),V7/AA$2*AG$2,($D7-SUMIF($K$1:W$1,"Semaine*CA Réel HT",$K7:W7))/(25-SUMIF($O$1:AA$1,"Jours",$O$2:AA$2))*AG$2) -> 16760.4 | AD7: ='Ratios hebdomadaires'!Q7 -> -4637.6027 | AF7: =IF(OR(AE7="",AE7=0),"",AE7/AC7) | AH7: =IF(ISBLANK(AC7),AB7/AG$2*AM$2,($D7-SUMIF($K$1:AC$1,"Semaine*CA Réel HT",$K7:AC7))/(25-SUMIF($O$1:AG$1,"Jours",$O$2:AG$2))*AM$2) -> 2793.4 | AJ7: ='Ratios hebdomadaires'!T7 -> -772.93378 | AL7: =IF(OR(AK7="",AK7=0),"",AK7/AI7)
A8: 6 | B8: Medium | C8: 4 | D8: ='Septembre 2024'!D8 -> 25360 | E8: ='Septembre 2024'!F8 -> -7098.264 | F8: =SUM(K8,Q8,W8,AC8,AI8) -> 0 | G8: =SUM(M8,S8,Y8,AE8,AK8) -> 0 | H8: =IFERROR(G8/F8,"") | J8: ='Ratios hebdomadaires'!G8 -> 6086.4 | L8: ='Ratios hebdomadaires'!H8 -> -1703.5834 | N8: =IFERROR(M8/K8,"") | P8: =IF(ISBLANK(K8),J8/O$2*U$2,($D8-SUMIF($K$1:K$1,"Semaine*CA Réel HT",$K8:K8))/(25-SUMIF($O$1:O$1,"Jours",$O$2:O$2))*U$2) -> 6086.4 | R8: ='Ratios hebdomadaires'!K8 -> -1703.5834 | T8: =IF(OR(S8="",S8=0),"",S8/Q8) | V8: =IF(ISBLANK(Q8),P8/U$2*AA$2,($D8-SUMIF($K$1:Q$1,"Semaine*CA Réel HT",$K8:Q8))/(25-SUMIF($O$1:U$1,"Jours",$O$2:U$2))*AA$2) -> 6086.4 | X8: ='Ratios hebdomadaires'!N8 -> -1703.5834 | Z8: =IF(OR(Y8="",Y8=0),"",Y8/W8) | AB8: =IF(ISBLANK(W8),V8/AA$2*AG$2,($D8-SUMIF($K$1:W$1,"Semaine*CA Réel HT",$K8:W8))/(25-SUMIF($O$1:AA$1,"Jours",$O$2:AA$2))*AG$2) -> 6086.4 | AD8: ='Ratios hebdomadaires'!Q8 -> -1703.5834 | AF8: =IF(OR(AE8="",AE8=0),"",AE8/AC8) | AH8: =IF(ISBLANK(AC8),AB8/AG$2*AM$2,($D8-SUMIF($K$1:AC$1,"Semaine*CA Réel HT",$K8:AC8))/(25-SUMIF($O$1:AG$1,"Jours",$O$2:AG$2))*AM$2) -> 1014.4 | AJ8: ='Ratios hebdomadaires'!T8 -> -283.93056 | AL8: =IF(OR(AK8="",AK8=0),"",AK8/AI8)
A9: 7 | B9: Jumbo | C9: 3 | D9: ='Septembre 2024'!D9 -> 82516 | E9: ='Septembre 2024'!F9 -> -22832.177 | F9: =SUM(K9,Q9,W9,AC9,AI9) -> 0 | G9: =SUM(M9,S9,Y9,AE9,AK9) -> 0 | H9: =IFERROR(G9/F9,"") | J9: ='Ratios hebdomadaires'!G9 -> 19803.84 | L9: ='Ratios hebdomadaires'!H9 -> -5479.7225 | N9: =IFERROR(M9/K9,"") | P9: =IF(ISBLANK(K9),J9/O$2*U$2,($D9-SUMIF($K$1:K$1,"Semaine*CA Réel HT",$K9:K9))/(25-SUMIF($O$1:O$1,"Jours",$O$2:O$2))*U$2) -> 19803.84 | R9: ='Ratios hebdomadaires'!K9 -> -5479.7225 | T9: =IF(OR(S9="",S9=0),"",S9/Q9) | V9: =IF(ISBLANK(Q9),P9/U$2*AA$2,($D9-SUMIF($K$1:Q$1,"Semaine*CA Réel HT",$K9:Q9))/(25-SUMIF($O$1:U$1,"Jours",$O$2:U$2))*AA$2) -> 19803.84 | X9: ='Ratios hebdomadaires'!N9 -> -5479.7225 | Z9: =IF(OR(Y9="",Y9=0),"",Y9/W9) | AB9: =IF(ISBLANK(W9),V9/AA$2*AG$2,($D9-SUMIF($K$1:W$1,"Semaine*CA Réel HT",$K9:W9))/(25-SUMIF($O$1:AA$1,"Jours",$O$2:AA$2))*AG$2) -> 19803.84 | AD9: ='Ratios hebdomadaires'!Q9 -> -5479.7225 | AF9: =IF(OR(AE9="",AE9=0),"",AE9/AC9) | AH9: =IF(ISBLANK(AC9),AB9/AG$2*AM$2,($D9-SUMIF($K$1:AC$1,"Semaine*CA Réel HT",$K9:AC9))/(25-SUMIF($O$1:AG$1,"Jours",$O$2:AG$2))*AM$2) -> 3300.64 | AJ9: ='Ratios hebdomadaires'!T9 -> -913.28709 | AL9: =IF(OR(AK9="",AK9=0),"",AK9/AI9)
A10: 8 | B10: Jumbo | C10: 7 | D10: ='Septembre 2024'!D10 -> 107412 | E10: ='Septembre 2024'!F10 -> -29720.9 | F10: =SUM(K10,Q10,W10,AC10,AI10) -> 0 | G10: =SUM(M10,S10,Y10,AE10,AK10) -> 0 | H10: =IFERROR(G10/F10,"") | J10: ='Ratios hebdomadaires'!G10 -> 25778.88 | L10: ='Ratios hebdomadaires'!H10 -> -7133.0161 | N10: =IFERROR(M10/K10,"") | P10: =IF(ISBLANK(K10),J10/O$2*U$2,($D10-SUMIF($K$1:K$1,"Semaine*CA Réel HT",$K10:K10))/(25-SUMIF($O$1:O$1,"Jours",$O$2:O$2))*U$2) -> 25778.88 | R10: ='Ratios hebdomadaires'!K10 -> -7133.0161 | T10: =IF(OR(S10="",S10=0),"",S10/Q10) | V10: =IF(ISBLANK(Q10),P10/U$2*AA$2,($D10-SUMIF($K$1:Q$1,"Semaine*CA Réel HT",$K10:Q10))/(25-SUMIF($O$1:U$1,"Jours",$O$2:U$2))*AA$2) -> 25778.88 | X10: ='Ratios hebdomadaires'!N10 -> -7133.0161 | Z10: =IF(OR(Y10="",Y10=0),"",Y10/W10) | AB10: =IF(ISBLANK(W10),V10/AA$2*AG$2,($D10-SUMIF($K$1:W$1,"Semaine*CA Réel HT",$K10:W10))/(25-SUMIF($O$1:AA$1,"Jours",$O$2:AA$2))*AG$2) -> 25778.88 | AD10: ='Ratios hebdomadaires'!Q10 -> -7133.0161 | AF10: =IF(OR(AE10="",AE10=0),"",AE10/AC10) | AH10: =IF(ISBLANK(AC10),AB10/AG$2*AM$2,($D10-SUMIF($K$1:AC$1,"Semaine*CA Réel HT",$K10:AC10))/(25-SUMIF($O$1:AG$1,"Jours",$O$2:AG$2))*AM$2) -> 4296.48 | AJ10: ='Ratios hebdomadaires'!T10 -> -1188.836 | AL10: =IF(OR(AK10="",AK10=0),"",AK10/AI10)
A11: 9 | B11: Medium | C11: 1 | D11: ='Septembre 2024'!D11 -> 19986 | E11: ='Septembre 2024'!F11 -> -5594.0814 | F11: =SUM(K11,Q11,W11,AC11,AI11) -> 0 | G11: =SUM(M11,S11,Y11,AE11,AK11) -> 0 | H11: =IFERROR(G11/F11,"") | J11: ='Ratios hebdomadaires'!G11 -> 4796.64 | L11: ='Ratios hebdomadaires'!H11 -> -1342.5795 | N11: =IFERROR(M11/K11,"") | P11: =IF(ISBLANK(K11),J11/O$2*U$2,($D11-SUMIF($K$1:K$1,"Semaine*CA Réel HT",$K11:K11))/(25-SUMIF($O$1:O$1,"Jours",$O$2:O$2))*U$2) -> 4796.64 | R11: ='Ratios hebdomadaires'!K11 -> -1342.5795 | T11: =IF(OR(S11="",S11=0),"",S11/Q11) | V11: =IF(ISBLANK(Q11),P11/U$2*AA$2,($D11-SUMIF($K$1:Q$1,"Semaine*CA Réel HT",$K11:Q11))/(25-SUMIF($O$1:U$1,"Jours",$O$2:U$2))*AA$2) -> 4796.64 | X11: ='Ratios hebdomadaires'!N11 -> -1342.5795 | Z11: =IF(OR(Y11="",Y11=0),"",Y11/W11) | AB11: =IF(ISBLANK(W11),V11/AA$2*AG$2,($D11-SUMIF($K$1:W$1,"Semaine*CA Réel HT",$K11:W11))/(25-SUMIF($O$1:AA$1,"Jours",$O$2:AA$2))*AG$2) -> 4796.64 | AD11: ='Ratios hebdomadaires'!Q11 -> -1342.5795 | AF11: =IF(OR(AE11="",AE11=0),"",AE11/AC11) | AH11: =IF(ISBLANK(AC11),AB11/AG$2*AM$2,($D11-SUMIF($K$1:AC$1,"Semaine*CA Réel HT",$K11:AC11))/(25-SUMIF($O$1:AG$1,"Jours",$O$2:AG$2))*AM$2) -> 799.44 | AJ11: ='Ratios hebdomadaires'!T11 -> -223.76326 | AL11: =IF(OR(AK11="",AK11=0),"",AK11/AI11)
A12: 10 | B12: Jumbo | C12: 7 | D12: ='Septembre 2024'!D12 -> 122386 | E12: ='Septembre 2024'!F12 -> -33864.206 | F12: =SUM(K12,Q12,W12,AC12,AI12) -> 0 | G12: =SUM(M12,S12,Y12,AE12,AK12) -> 0 | H12: =IFERROR(G12/F12,"") | J12: ='Ratios hebdomadaires'!G12 -> 29372.64 | L12: ='Ratios hebdomadaires'!H12 -> -8127.4095 | N12: =IFERROR(M12/K12,"") | P12: =IF(ISBLANK(K12),J12/O$2*U$2,($D12-SUMIF($K$1:K$1,"Semaine*CA Réel HT",$K12:K12))/(25-SUMIF($O$1:O$1,"Jours",$O$2:O$2))*U$2) -> 29372.64 | R12: ='Ratios hebdomadaires'!K12 -> -8127.4095 | T12: =IF(OR(S12="",S12=0),"",S12/Q12) | V12: =IF(ISBLANK(Q12),P12/U$2*AA$2,($D12-SUMIF($K$1:Q$1,"Semaine*CA Réel HT",$K12:Q12))/(25-SUMIF($O$1:U$1,"Jours",$O$2:U$2))*AA$2) -> 29372.64 | X12: ='Ratios hebdomadaires'!N12 -> -8127.4095 | Z12: =IF(OR(Y12="",Y12=0),"",Y12/W12) | AB12: =IF(ISBLANK(W12),V12/AA$2*AG$2,($D12-SUMIF($K$1:W$1,"Semaine*CA Réel HT",$K12:W12))/(25-SUMIF($O$1:AA$1,"Jours",$O$2:AA$2))*AG$2) -> 29372.64 | AD12: ='Ratios hebdomadaires'!Q12 -> -8127.4095 | AF12: =IF(OR(AE12="",AE12=0),"",AE12/AC12) | AH12: =IF(ISBLANK(AC12),AB12/AG$2*AM$2,($D12-SUMIF($K$1:AC$1,"Semaine*CA Réel HT",$K12:AC12))/(25-SUMIF($O$1:AG$1,"Jours",$O$2:AG$2))*AM$2) -> 4895.44 | AJ12: ='Ratios hebdomadaires'!T12 -> -1354.5682 | AL12: =IF(OR(AK12="",AK12=0),"",AK12/AI12)
A13: 11 | B13: Medium | C13: 1 | D13: ='Septembre 2024'!D13 -> 21222 | E13: ='Septembre 2024'!F13 -> -5940.0378 | F13: =SUM(K13,Q13,W13,AC13,AI13) -> 0 | G13: =SUM(M13,S13,Y13,AE13,AK13) -> 0 | H13: =IFERROR(G13/F13,"") | J13: ='Ratios hebdomadaires'!G13 -> 5093.28 | L13: ='Ratios hebdomadaires'!H13 -> -1425.6091 | N13: =IFERROR(M13/K13,"") | P13: =IF(ISBLANK(K13),J13/O$2*U$2,($D13-SUMIF($K$1:K$1,"Semaine*CA Réel HT",$K13:K13))/(25-SUMIF($O$1:O$1,"Jours",$O$2:O$2))*U$2) -> 5093.28 | R13: ='Ratios hebdomadaires'!K13 -> -1425.6091 | T13: =IF(OR(S13="",S13=0),"",S13/Q13) | V13: =IF(ISBLANK(Q13),P13/U$2*AA$2,($D13-SUMIF($K$1:Q$1,"Semaine*CA Réel HT",$K13:Q13))/(25-SUMIF($O$1:U$1,"Jours",$O$2:U$2))*AA$2) -> 5093.28 | X13: ='Ratios hebdomadaires'!N13 -> -1425.6091 | Z13: =IF(OR(Y13="",Y13=0),"",Y13/W13) | AB13: =IF(ISBLANK(W13),V13/AA$2*AG$2,($D13-SUMIF($K$1:W$1,"Semaine*CA Réel HT",$K13:W13))/(25-SUMIF($O$1:AA$1,"Jours",$O$2:AA$2))*AG$2) -> 5093.28 | AD13: ='Ratios hebdomadaires'!Q13 -> -1425.6091 | AF13: =IF(OR(AE13="",AE13=0),"",AE13/AC13) | AH13: =IF(ISBLANK(AC13),AB13/AG$2*AM$2,($D13-SUMIF($K$1:AC$1,"Semaine*CA Réel HT",$K13:AC13))/(25-SUMIF($O$1:AG$1,"Jours",$O$2:AG$2))*AM$2) -> 848.88 | AJ13: ='Ratios hebdomadaires'!T13 -> -237.60151 | AL13: =IF(OR(AK13="",AK13=0),"",AK13/AI13)
A14: 12 | B14: Mega | C14: 5 | D14: ='Septembre 2024'!D14 -> 63516 | E14: ='Septembre 2024'!F14 -> -17574.877 | F14: =SUM(K14,Q14,W14,AC14,AI14) -> 0 | G14: =SUM(M14,S14,Y14,AE14,AK14) -> 0 | H14: =IFERROR(G14/F14,"") | J14: ='Ratios hebdomadaires'!G14 -> 15243.84 | L14: ='Ratios hebdomadaires'!H14 -> -4217.9705 | N14: =IFERROR(M14/K14,"") | P14: =IF(ISBLANK(K14),J14/O$2*U$2,($D14-SUMIF($K$1:K$1,"Semaine*CA Réel HT",$K14:K14))/(25-SUMIF($O$1:O$1,"Jours",$O$2:O$2))*U$2) -> 15243.84 | R14: ='Ratios hebdomadaires'!K14 -> -4217.9705 | T14: =IF(OR(S14="",S14=0),"",S14/Q14) | V14: =IF(ISBLANK(Q14),P14/U$2*AA$2,($D14-SUMIF($K$1:Q$1,"Semaine*CA Réel HT",$K14:Q14))/(25-SUMIF($O$1:U$1,"Jours",$O$2:U$2))*AA$2) -> 15243.84 | X14: ='Ratios hebdomadaires'!N14 -> -4217.9705 | Z14: =IF(OR(Y14="",Y14=0),"",Y14/W14) | AB14: =IF(ISBLANK(W14),V14/AA$2*AG$2,($D14-SUMIF($K$1:W$1,"Semaine*CA Réel HT",$K14:W14))/(25-SUMIF($O$1:AA$1,"Jours",$O$2:AA$2))*AG$2) -> 15243.84 | AD14: ='Ratios hebdomadaires'!Q14 -> -4217.9705 | AF14: =IF(OR(AE14="",AE14=0),"",AE14/AC14) | AH14: =IF(ISBLANK(AC14),AB14/AG$2*AM$2,($D14-SUMIF($K$1:AC$1,"Semaine*CA Réel HT",$K14:AC14))/(25-SUMIF($O$1:AG$1,"Jours",$O$2:AG$2))*AM$2) -> 2540.64 | AJ14: ='Ratios hebdomadaires'!T14 -> -702.99509 | AL14: =IF(OR(AK14="",AK14=0),"",AK14/AI14)
A15: 13 | B15: Medium | C15: 4 | D15: ='Septembre 2024'!D15 -> 22199 | E15: ='Septembre 2024'!F15 -> -6213.5001 | F15: =SUM(K15,Q15,W15,AC15,AI15) -> 0 | G15: =SUM(M15,S15,Y15,AE15,AK15) -> 0 | H15: =IFERROR(G15/F15,"") | J15: ='Ratios hebdomadaires'!G15 -> 5327.76 | L15: ='Ratios hebdomadaires'!H15 -> -1491.24 | N15: =IFERROR(M15/K15,"") | P15: =((D15-K15)/I$2)*U$2 -> 5327.76 | R15: ='Ratios hebdomadaires'!K15 -> -1491.24 | T15: =IF(OR(S15="",S15=0),"",S15/Q15) | V15: =((D15-K15-Q15)/I$2)*AA$2 -> 5327.76 | X15: ='Ratios hebdomadaires'!N15 -> -1491.24 | Z15: =IF(OR(Y15="",Y15=0),"",Y15/W15) | AB15: =((D15-K15-Q15-W15)/I$2)*AG$2 -> 5327.76 | AD15: ='Ratios hebdomadaires'!Q15 -> -1491.24 | AF15: =IF(OR(AE15="",AE15=0),"",AE15/AC15) | AH15: =((D15-K15-Q15-W15-AC15)/I$2)*AM$2 -> 887.96 | AJ15: ='Ratios hebdomadaires'!T15 -> -248.54 | AL15: =IF(OR(AK15="",AK15=0),"",AK15/AI15)
A16: 14 | B16: Medium | C16: 6 | D16: ='Septembre 2024'!D16 -> 29475 | E16: ='Septembre 2024'!F16 -> -8748.18 | F16: =SUM(K16,Q16,W16,AC16,AI16) -> 0 | G16: =SUM(M16,S16,Y16,AE16,AK16) -> 0 | H16: =IFERROR(G16/F16,"") | J16: ='Ratios hebdomadaires'!G16 -> 7074 | L16: ='Ratios hebdomadaires'!H16 -> -2099.5632 | N16: =IFERROR(M16/K16,"") | P16: =((D16-K16)/I$2)*U$2 -> 7074 | R16: ='Ratios hebdomadaires'!K16 -> -2099.5632 | T16: =IF(OR(S16="",S16=0),"",S16/Q16) | V16: =((D16-K16-Q16)/I$2)*AA$2 -> 7074 | X16: ='Ratios hebdomadaires'!N16 -> -2099.5632 | Z16: =IF(OR(Y16="",Y16=0),"",Y16/W16) | AB16: =((D16-K16-Q16-W16)/I$2)*AG$2 -> 7074 | AD16: ='Ratios hebdomadaires'!Q16 -> -2099.5632 | AF16: =IF(OR(AE16="",AE16=0),"",AE16/AC16) | AH16: =((D16-K16-Q16-W16-AC16)/I$2)*AM$2 -> 1179 | AJ16: ='Ratios hebdomadaires'!T16 -> -349.9272 | AL16: =IF(OR(AK16="",AK16=0),"",AK16/AI16)
A17: 15 | B17: Small | C17: 6 | D17: ='Septembre 2024'!D17 -> 17971 | E17: ='Septembre 2024'!F17 -> -5207.9958 | F17: =SUM(K17,Q17,W17,AC17,AI17) -> 0 | G17: =SUM(M17,S17,Y17,AE17,AK17) -> 0 | H17: =IFERROR(G17/F17,"") | J17: ='Ratios hebdomadaires'!G17 -> 4313.04 | L17: ='Ratios hebdomadaires'!H17 -> -1249.919 | N17: =IFERROR(M17/K17,"") | P17: =((D17-K17)/I$2)*U$2 -> 4313.04 | R17: ='Ratios hebdomadaires'!K17 -> -1249.919 | T17: =IF(OR(S17="",S17=0),"",S17/Q17) | V17: =((D17-K17-Q17)/I$2)*AA$2 -> 4313.04 | X17: ='Ratios hebdomadaires'!N17 -> -1249.919 | Z17: =IF(OR(Y17="",Y17=0),"",Y17/W17) | AB17: =((D17-K17-Q17-W17)/I$2)*AG$2 -> 4313.04 | AD17: ='Ratios hebdomadaires'!Q17 -> -1249.919 | AF17: =IF(OR(AE17="",AE17=0),"",AE17/AC17) | AH17: =((D17-K17-Q17-W17-AC17)/I$2)*AM$2 -> 718.84 | AJ17: ='Ratios hebdomadaires'!T17 -> -208.31983 | AL17: =IF(OR(AK17="",AK17=0),"",AK17/AI17)
A18: 16 | B18: Large | C18: 6 | D18: ='Septembre 2024'!D18 -> 38607 | E18: ='Septembre 2024'!F18 -> -10806.099 | F18: =SUM(K18,Q18,W18,AC18,AI18) -> 0 | G18: =SUM(M18,S18,Y18,AE18,AK18) -> 0 | H18: =IFERROR(G18/F18,"") | J18: ='Ratios hebdomadaires'!G18 -> 9265.68 | L18: ='Ratios hebdomadaires'!H18 -> -2593.4638 | N18: =IFERROR(M18/K18,"") | P18: =((D18-K18)/I$2)*U$2 -> 9265.68 | R18: ='Ratios hebdomadaires'!K18 -> -2593.4638 | T18: =IF(OR(S18="",S18=0),"",S18/Q18) | V18: =((D18-K18-Q18)/I$2)*AA$2 -> 9265.68 | X18: ='Ratios hebdomadaires'!N18 -> -2593.4638 | Z18: =IF(OR(Y18="",Y18=0),"",Y18/W18) | AB18: =((D18-K18-Q18-W18)/I$2)*AG$2 -> 9265.68 | AD18: ='Ratios hebdomadaires'!Q18 -> -2593.4638 | AF18: =IF(OR(AE18="",AE18=0),"",AE18/AC18) | AH18: =((D18-K18-Q18-W18-AC18)/I$2)*AM$2 -> 1544.28 | AJ18: ='Ratios hebdomadaires'!T18 -> -432.24397 | AL18: =IF(OR(AK18="",AK18=0),"",AK18/AI18)
A19: 17 | B19: Medium | C19: 2 | D19: ='Septembre 2024'!D19 -> 27723 | E19: ='Septembre 2024'!F19 -> -7759.6677 | F19: =SUM(K19,Q19,W19,AC19,AI19) -> 0 | G19: =SUM(M19,S19,Y19,AE19,AK19) -> 0 | H19: =IFERROR(G19/F19,"") | J19: ='Ratios hebdomadaires'!G19 -> 6653.52 | L19: ='Ratios hebdomadaires'!H19 -> -1862.3202 | N19: =IFERROR(M19/K19,"") | P19: =((D19-K19)/I$2)*U$2 -> 6653.52 | R19: ='Ratios hebdomadaires'!K19 -> -1862.3202 | T19: =IF(OR(S19="",S19=0),"",S19/Q19) | V19: =((D19-K19-Q19)/I$2)*AA$2 -> 6653.52 | X19: ='Ratios hebdomadaires'!N19 -> -1862.3202 | Z19: =IF(OR(Y19="",Y19=0),"",Y19/W19) | AB19: =((D19-K19-Q19-W19)/I$2)*AG$2 -> 6653.52 | AD19: ='Ratios hebdomadaires'!Q19 -> -1862.3202 | AF19: =IF(OR(AE19="",AE19=0),"",AE19/AC19) | AH19: =((D19-K19-Q19-W19-AC19)/I$2)*AM$2 -> 1108.92 | AJ19: ='Ratios hebdomadaires'!T19 -> -310.38671 | AL19: =IF(OR(AK19="",AK19=0),"",AK19/AI19)
A20: 18 | B20: Medium | C20: 7 | D20: ='Septembre 2024'!D20 -> 30931 | E20: ='Septembre 2024'!F20 -> -8657.5869 | F20: =SUM(K20,Q20,W20,AC20,AI20) -> 0 | G20: =SUM(M20,S20,Y20,AE20,AK20) -> 0 | H20: =IFERROR(G20/F20,"") | J20: ='Ratios hebdomadaires'!G20 -> 7423.44 | L20: ='Ratios hebdomadaires'!H20 -> -2077.8209 | N20: =IFERROR(M20/K20,"") | P20: =((D20-K20)/I$2)*U$2 -> 7423.44 | R20: ='Ratios hebdomadaires'!K20 -> -2077.8209 | T20: =IF(OR(S20="",S20=0),"",S20/Q20) | V20: =((D20-K20-Q20)/I$2)*AA$2 -> 7423.44 | X20: ='Ratios hebdomadaires'!N20 -> -2077.8209 | Z20: =IF(OR(Y20="",Y20=0),"",Y20/W20) | AB20: =((D20-K20-Q20-W20)/I$2)*AG$2 -> 7423.44 | AD20: ='Ratios hebdomadaires'!Q20 -> -2077.8209 | AF20: =IF(OR(AE20="",AE20=0),"",AE20/AC20) | AH20: =((D20-K20-Q20-W20-AC20)/I$2)*AM$2 -> 1237.24 | AJ20: ='Ratios hebdomadaires'!T20 -> -346.30348 | AL20: =IF(OR(AK20="",AK20=0),"",AK20/AI20)
A21: 19 | B21: Medium | C21: 6 | D21: ='Septembre 2024'!D21 -> 19900 | E21: ='Septembre 2024'!F21 -> -5906.32 | F21: =SUM(K21,Q21,W21,AC21,AI21) -> 0 | G21: =SUM(M21,S21,Y21,AE21,AK21) -> 0 | H21: =IFERROR(G21/F21,"") | J21: ='Ratios hebdomadaires'!G21 -> 4776 | L21: ='Ratios hebdomadaires'!H21 -> -1417.5168 | N21: =IFERROR(M21/K21,"") | P21: =((D21-K21)/I$2)*U$2 -> 4776 | R21: ='Ratios hebdomadaires'!K21 -> -1417.5168 | T21: =IF(OR(S21="",S21=0),"",S21/Q21) | V21: =((D21-K21-Q21)/I$2)*AA$2 -> 4776 | X21: ='Ratios hebdomadaires'!N21 -> -1417.5168 | Z21: =IF(OR(Y21="",Y21=0),"",Y21/W21) | AB21: =((D21-K21-Q21-W21)/I$2)*AG$2 -> 4776 | AD21: ='Ratios hebdomadaires'!Q21 -> -1417.5168 | AF21: =IF(OR(AE21="",AE21=0),"",AE21/AC21) | AH21: =((D21-K21-Q21-W21-AC21)/I$2)*AM$2 -> 796 | AJ21: ='Ratios hebdomadaires'!T21 -> -236.2528 | AL21: =IF(OR(AK21="",AK21=0),"",AK21/AI21)
A22: 20 | B22: Mega | C22: 4 | D22: ='Septembre 2024'!D22 -> 61817 | E22: ='Septembre 2024'!F22 -> -17104.764 | F22: =SUM(K22,Q22,W22,AC22,AI22) -> 0 | G22: =SUM(M22,S22,Y22,AE22,AK22) -> 0 | H22: =IFERROR(G22/F22,"") | J22: ='Ratios hebdomadaires'!G22 -> 14836.08 | L22: ='Ratios hebdomadaires'!H22 -> -4105.1433 | N22: =IFERROR(M22/K22,"") | P22: =((D22-K22)/I$2)*U$2 -> 14836.08 | R22: ='Ratios hebdomadaires'!K22 -> -4105.1433 | T22: =IF(OR(S22="",S22=0),"",S22/Q22) | V22: =((D22-K22-Q22)/I$2)*AA$2 -> 14836.08 | X22: ='Ratios hebdomadaires'!N22 -> -4105.1433 | Z22: =IF(OR(Y22="",Y22=0),"",Y22/W22) | AB22: =((D22-K22-Q22-W22)/I$2)*AG$2 -> 14836.08 | AD22: ='Ratios hebdomadaires'!Q22 -> -4105.1433 | AF22: =IF(OR(AE22="",AE22=0),"",AE22/AC22) | AH22: =((D22-K22-Q22-W22-AC22)/I$2)*AM$2 -> 2472.68 | AJ22: ='Ratios hebdomadaires'!T22 -> -684.19056 | AL22: =IF(OR(AK22="",AK22=0),"",AK22/AI22)
A23: 21 | B23: Medium | C23: 6 | D23: ='Septembre 2024'!D23 -> 19900 | E23: ='Septembre 2024'!F23 -> -5906.32 | F23: =SUM(K23,Q23,W23,AC23,AI23) -> 0 | G23: =SUM(M23,S23,Y23,AE23,AK23) -> 0 | H23: =IFERROR(G23/F23,"") | J23: ='Ratios hebdomadaires'!G23 -> 4776 | L23: ='Ratios hebdomadaires'!H23 -> -1417.5168 | N23: =IFERROR(M23/K23,"") | P23: =((D23-K23)/I$2)*U$2 -> 4776 | R23: ='Ratios hebdomadaires'!K23 -> -1417.5168 | T23: =IF(OR(S23="",S23=0),"",S23/Q23) | V23: =((D23-K23-Q23)/I$2)*AA$2 -> 4776 | X23: ='Ratios hebdomadaires'!N23 -> -1417.5168 | Z23: =IF(OR(Y23="",Y23=0),"",Y23/W23) | AB23: =((D23-K23-Q23-W23)/I$2)*AG$2 -> 4776 | AD23: ='Ratios hebdomadaires'!Q23 -> -1417.5168 | AF23: =IF(OR(AE23="",AE23=0),"",AE23/AC23) | AH23: =((D23-K23-Q23-W23-AC23)/I$2)*AM$2 -> 796 | AJ23: ='Ratios hebdomadaires'!T23 -> -236.2528 | AL23: =IF(OR(AK23="",AK23=0),"",AK23/AI23)
A24: 22 | B24: Large | C24: 1 | D24: ='Septembre 2024'!D24 -> 47019 | E24: ='Septembre 2024'!F24 -> -13160.618 | F24: =SUM(K24,Q24,W24,AC24,AI24) -> 0 | G24: =SUM(M24,S24,Y24,AE24,AK24) -> 0 | H24: =IFERROR(G24/F24,"") | J24: ='Ratios hebdomadaires'!G24 -> 11284.56 | L24: ='Ratios hebdomadaires'!H24 -> -3158.5483 | N24: =IFERROR(M24/K24,"") | P24: =((D24-K24)/I$2)*U$2 -> 11284.56 | R24: ='Ratios hebdomadaires'!K24 -> -3158.5483 | T24: =IF(OR(S24="",S24=0),"",S24/Q24) | V24: =((D24-K24-Q24)/I$2)*AA$2 -> 11284.56 | X24: ='Ratios hebdomadaires'!N24 -> -3158.5483 | Z24: =IF(OR(Y24="",Y24=0),"",Y24/W24) | AB24: =((D24-K24-Q24-W24)/I$2)*AG$2 -> 11284.56 | AD24: ='Ratios hebdomadaires'!Q24 -> -3158.5483 | AF24: =IF(OR(AE24="",AE24=0),"",AE24/AC24) | AH24: =((D24-K24-Q24-W24-AC24)/I$2)*AM$2 -> 1880.76 | AJ24: ='Ratios hebdomadaires'!T24 -> -526.42472 | AL24: =IF(OR(AK24="",AK24=0),"",AK24/AI24)
A25: 23 | B25: Medium | C25: 1 | D25: ='Septembre 2024'!D25 -> 20986 | E25: ='Septembre 2024'!F25 -> -5873.9814 | F25: =SUM(K25,Q25,W25,AC25,AI25) -> 0 | G25: =SUM(M25,S25,Y25,AE25,AK25) -> 0 | H25: =IFERROR(G25/F25,"") | J25: ='Ratios hebdomadaires'!G25 -> 5036.64 | L25: ='Ratios hebdomadaires'!H25 -> -1409.7555 | N25: =IFERROR(M25/K25,"") | P25: =((D25-K25)/I$2)*U$2 -> 5036.64 | R25: ='Ratios hebdomadaires'!K25 -> -1409.7555 | T25: =IF(OR(S25="",S25=0),"",S25/Q25) | V25: =((D25-K25-Q25)/I$2)*AA$2 -> 5036.64 | X25: ='Ratios hebdomadaires'!N25 -> -1409.7555 | Z25: =IF(OR(Y25="",Y25=0),"",Y25/W25) | AB25: =((D25-K25-Q25-W25)/I$2)*AG$2 -> 5036.64 | AD25: ='Ratios hebdomadaires'!Q25 -> -1409.7555 | AF25: =IF(OR(AE25="",AE25=0),"",AE25/AC25) | AH25: =((D25-K25-Q25-W25-AC25)/I$2)*AM$2 -> 839.44 | AJ25: ='Ratios hebdomadaires'!T25 -> -234.95926 | AL25: =IF(OR(AK25="",AK25=0),"",AK25/AI25)
A26: 24 | B26: Small | C26: 2 | D26: ='Septembre 2024'!D26 -> 15411 | E26: ='Septembre 2024'!F26 -> -4466.1078 | F26: =SUM(K26,Q26,W26,AC26,AI26) -> 0 | G26: =SUM(M26,S26,Y26,AE26,AK26) -> 0 | H26: =IFERROR(G26/F26,"") | J26: ='Ratios hebdomadaires'!G26 -> 3698.64 | L26: ='Ratios hebdomadaires'!H26 -> -1071.8659 | N26: =IFERROR(M26/K26,"") | P26: =((D26-K26)/I$2)*U$2 -> 3698.64 | R26: ='Ratios hebdomadaires'!K26 -> -1071.8659 | T26: =IF(OR(S26="",S26=0),"",S26/Q26) | V26: =((D26-K26-Q26)/I$2)*AA$2 -> 3698.64 | X26: ='Ratios hebdomadaires'!N26 -> -1071.8659 | Z26: =IF(OR(Y26="",Y26=0),"",Y26/W26) | AB26: =((D26-K26-Q26-W26)/I$2)*AG$2 -> 3698.64 | AD26: ='Ratios hebdomadaires'!Q26 -> -1071.8659 | AF26: =IF(OR(AE26="",AE26=0),"",AE26/AC26) | AH26: =((D26-K26-Q26-W26-AC26)/I$2)*AM$2 -> 616.44 | AJ26: ='Ratios hebdomadaires'!T26 -> -178.64431 | AL26: =IF(OR(AK26="",AK26=0),"",AK26/AI26)
... A51: 49 | B51: Large | C51: 4 | D51: ='Septembre 2024'!D51 -> 41507 | E51: ='Septembre 2024'!F51 -> -11617.809 | F51: =SUM(K51,Q51,W51,AC51,AI51) -> 0 | G51: =SUM(M51,S51,Y51,AE51,AK51) -> 0 | H51: =IFERROR(G51/F51,"") | J51: ='Ratios hebdomadaires'!G51 -> 9961.68 | L51: ='Ratios hebdomadaires'!H51 -> -2788.2742 | N51: =IFERROR(M51/K51,"") | P51: =((D51-K51)/I$2)*U$2 -> 9961.68 | R51: ='Ratios hebdomadaires'!K51 -> -2788.2742 | T51: =IF(OR(S51="",S51=0),"",S51/Q51) | V51: =((D51-K51-Q51)/I$2)*AA$2 -> 9961.68 | X51: ='Ratios hebdomadaires'!N51 -> -2788.2742 | Z51: =IF(OR(Y51="",Y51=0),"",Y51/W51) | AB51: =((D51-K51-Q51-W51)/I$2)*AG$2 -> 9961.68 | AD51: ='Ratios hebdomadaires'!Q51 -> -2788.2742 | AF51: =IF(OR(AE51="",AE51=0),"",AE51/AC51) | AH51: =((D51-K51-Q51-W51-AC51)/I$2)*AM$2 -> 1660.28 | AJ51: ='Ratios hebdomadaires'!T51 -> -464.71237 | AL51: =IF(OR(AK51="",AK51=0),"",AK51/AI51)
A52: Total | D52: ='Septembre 2024'!D52 -> 2033974 | E52: ='Septembre 2024'!F52 -> -566665.16 | F52: =SUM(K52,Q52,W52,AC52,AI52) -> 0 | G52: =SUM(M52,S52,Y52,AE52,AK52) -> 0 | H52: =IFERROR(G52/F52,"") | J52: ='Ratios hebdomadaires'!G52 -> 488153.76 | L52: ='Ratios hebdomadaires'!H52 -> -135999.64 | N52: =IFERROR(M52/K52,"") | P52: =((D52-K52)/I$2)*U$2 -> 488153.76 | R52: ='Ratios hebdomadaires'!K52 -> -135999.64 | T52: =IF(OR(S52="",S52=0),"",S52/Q52) | V52: =((D52-K52-Q52)/I$2)*AA$2 -> 488153.76 | X52: ='Ratios hebdomadaires'!N52 -> -135999.64 | Z52: =IF(OR(Y52="",Y52=0),"",Y52/W52) | AB52: =((D52-K52-Q52-W52)/I$2)*AG$2 -> 488153.76 | AD52: ='Ratios hebdomadaires'!Q52 -> -135999.64 | AF52: =IF(OR(AE52="",AE52=0),"",AE52/AC52) | AH52: =((D52-K52-Q52-W52-AC52)/I$2)*AM$2 -> 81358.96 | AJ52: ='Ratios hebdomadaires'!T52 -> -22666.606 | AL52: =IF(OR(AK52="",AK52=0),"",AK52/AI52)
